 Dungeon Crawl Stone Soup version 0.29-a0-359-g541a27f54d (webtiles) character file.

Game seed: 18361054612619421398

2254 jlumianski the Chopper (level 9, -6/68 HPs)
             Began as a Demonspawn Fighter on Apr 28, 2022.
             Mangled by Duvessa
             ... wielding a +0 rapier
              (13 damage)
             ... on level 6 of the Dungeon.
             The game lasted 00:25:04 (7497 turns).

jlumianski the Chopper (Demonspawn Fighter)         Turns: 7497, Time: 00:25:05

Health: -6/68      AC: 11    Str: 22    XL:     9   Next: 15%
Magic:  0/9        EV: 10    Int: 10    God:
Gold:   268        SH:  5    Dex: 13    Spells: 7/9 levels left

rFire   . . .      SeeInvis .   a - +1 war axe
rCold   . . .      Faith    .   c - +0 buckler
rNeg    . . .      Spirit   +   b - +0 scale mail
rPois   .          Reflect  .   s - +0 helmet
rElec   .          Harm     .   (no cloak)
rCorr   .          Rampage  .   (no gloves)
Will    +....                   (no boots)
Stlth   ..........              l - amulet of guardian spirit
HPRegen 0.21/turn               v - ring of willpower
MPRegen 0.11/turn               (no ring)

@: hasted, invisible, very quick
A: icy blue scales 2, demonic magic 2, weakness stinger 1, low MP 1, strong 1,
wild magic 1, evolution 1, MP-powered wands
a: no special abilities


You were on level 6 of the Dungeon.
You visited 1 branch of the dungeon, and saw 7 of its levels.

You collected 268 gold pieces.

Inventory:

Hand Weapons
 a - a +1 war axe (weapon)
 d - a +0 whip of freezing
 y - the +0 rapier of Faihapur {speed, rCorr Dex+7}
   (You found it on level 6 of the Dungeon)

   Attacks with this weapon are significantly faster.
   Dex:       It affects your dexterity (+7).
   rCorr:     It protects you from acid and corrosion.
Missiles
 f - 8 javelins (quivered)
 h - 179 stones
 i - 5 datura-tipped darts
 k - 3 boomerangs of dispersal
 n - 5 poisoned darts
 q - 3 boomerangs
Armour
 b - a +0 scale mail (worn)
 c - a +0 buckler (worn)
 s - a +0 helmet (worn)
Magical Staves
 u - a staff of earth
Jewellery
 l - an amulet of guardian spirit (around neck)
 v - a ring of willpower (left hand)
 w - an amulet of magic regeneration
Scrolls
 e - 2 scrolls of immolation
 m - 2 scrolls of teleportation
 p - 3 scrolls of vulnerability
 t - a scroll of fear
 z - a scroll of identify
Potions
 j - 2 potions of mutation
 r - a potion of lignification


   Skills:
 + Level 5.0 Fighting
 + Level 6.5 Axes
 + Level 0.6 Throwing
 + Level 5.5 Armour
 + Level 2.5 Dodging
 + Level 1.0 Stealth
 + Level 3.9 Shields
 + Level 0.7 Spellcasting
 * Level 5.2 Conjurations
 + Level 0.2 Fire Magic


You had 7 spell levels left.
You knew the following spells:

 Your Spells              Type           Power      Damage    Failure   Level
a - Magic Dart            Conj           56%        1d5       19%         1
b - Foxfire               Conj/Fire      28%        2x1d5     45%         1

Your spell library contained the following spells:

 Spells                   Type           Power      Damage    Failure   Level
 Searing Ray              Conj           28%        2d5       28%         2
 Static Discharge         Conj/Air       7%         N/A       61%         2
 Conjure Flame            Conj/Fire      7%         6-21      80%         3
 Pain                     Necr           0%         1d4       82%         1
 Ensorcelled Hibernation  Hex/Ice        0%         N/A       90%         2
 Inner Flame              Hex/Fire       0%         N/A       98%         3
 Flame Wave               Conj/Fire      7%         2d5       99%         4
 Fulminant Prism          Conj/Hex       3%         3d6       99%         4
 Agony                    Necr           0%         N/A       100%        5
 Alistair's Intoxication  Tmut/Pois      0%         N/A       100%        5
 Borgnjor's Vile Clutch   Necr/Erth      0%         N/A       100%        5
 Excruciating Wounds      Necr           0%         N/A       100%        5
 Lightning Bolt           Conj/Air       3%         1d15      100%        5
 Eringya's Noxious Bog    Tmut/Pois      0%         N/A       100%        6
 Maxwell's Capacitive Co  Air            0%         ∞         100%        8


Dungeon Overview and Level Annotations

Branches:
Dungeon (7/15)
 Temple: D:4-7

Altars:

Annotations:
D:6 Duvessa


Innate Abilities, Weirdness & Mutations

You are mostly covered in icy blue scales. (AC +3)
Spells you cast may paralyse nearby enemies.
You have a small tail.
Your magical capacity is low. (-10% MP)
Your muscles are strong. (Str +2)
Your spells are a little harder to cast, but a little more powerful.
You have hidden genetic potential.
You expend magic power (3 MP) to strengthen your wands.


Message History

You hit Duvessa but do no damage. You tail-slap Duvessa.
Duvessa is severely wounded.
You block Duvessa's attack. Duvessa hits you with a +0 rapier.
* * * LOW HITPOINT WARNING * * *
You hit Duvessa.
Duvessa is severely wounded.
Duvessa hits you with a +0 rapier!
* * * LOW HITPOINT WARNING * * *
Duvessa barely misses you.
You feel much better. Duvessa hits you with a +0 rapier!
You barely miss Duvessa. You tail-slap Duvessa.
Duvessa is severely wounded.
Duvessa hits you with a +0 rapier!
* * * LOW HITPOINT WARNING * * *
Duvessa hits you with a +0 rapier!
* * * LOW HITPOINT WARNING * * *
You fade into invisibility!
Duvessa closely misses you. x2
You barely miss Duvessa.
Duvessa is severely wounded.
Duvessa barely misses you.
You strike the helpless Duvessa from behind!
You hit Duvessa but do no damage.
Duvessa is severely wounded.
Duvessa hits you with a +0 rapier.
* * * LOW HITPOINT WARNING * * *
Duvessa hits you with a +0 rapier.
* * * LOW HITPOINT WARNING * * *
Okay, then.
You block Duvessa's attack. Duvessa barely misses you.
Duvessa closely misses you. Duvessa hits you with a +0 rapier.
* * * LOW HITPOINT WARNING * * *
You can't see any enemies this would affect, really read the scroll of fear? [Y]es or [N]o only, please.
You can't see any enemies this would affect, really read the scroll of fear?
Okay, then.
You feel yourself speed up. Duvessa hits you with a +0 rapier!
You die...

.#..........########.##..#.###.#.
......#######.....##.........#...
..###.........###....[÷...##.####
##...###...###...###...##.......>
#.....#.###.#.....#.###.#....###.
.#...#...#...#...#...#...#..## #.
.#####...#...#####...#...#..# #.
.#...#...#...#...#...#...#..# #.
#.....#.###.#...@e#.###.#...# #.
##...###...###...###...##.#.# #.
#.###.#.....#.###.#.....#.#.# ##
...#...#...#...#...#.[.#..#.#
...#...#####...#.)/##### .#
...#...# ..#...# #.###.#. .###.#.
##. .###. . .###. ... ## ... ##


You could see Duvessa (berserk, fast, can't see you).

Vanquished Creatures
  Pikel (D:6)
  2 black bears
  2 ice beasts
  An ogre (D:3)
  3 phantoms
  A lemure (D:6)
  2 bullfrogs (D:6)
  4 necrophages
  3 scorpions
  Dowan (D:6)
  A howler monkey (D:4)
  A hound (D:4)
  2 jellies
  Jessica (D:2)
  An iguana (D:5)
  6 orc wizards
  Robin (D:2)
  5 gnolls
  5 adders
  A white imp (D:5)
  An ufetubus (D:6)
  2 dart slugs (D:3)
  19 orcs
  11 ball pythons
  3 bats
  5 endoplasms
  3 giant cockroaches
  17 goblins
  10 hobgoblins
  4 quokkas
  4 frilled lizards
  7 kobolds
  4 rats
  A bush (D:4)
135 creatures vanquished.

Vanquished Creatures (collateral kills)
  A goblin (D:2)
1 creature vanquished.

Vanquished Creatures (others)
  8 foxfires
  2 plants (D:4)
10 creatures vanquished.

Grand Total: 146 creatures vanquished

Notes
Turn   | Place    | Note
-------+----------+-------------------------------------------
     0 | D:1      | jlumianski the Demonspawn Fighter began the quest for the
                  | Orb.
     0 | D:1      | Reached XP level 1. HP: 18/18 MP: 1/1
   433 | D:1      | Gained mutation: You have a small tail. [demonic ancestry]
   433 | D:1      | Reached XP level 2. HP: 16/24 MP: 2/2
   740 | D:3      | Reached skill level 2 in Axes
   888 | D:4      | Noticed a black bear
   958 | D:3      | Gained mutation: Spells you cast may paralyse adjacent
                  | enemies. [demonic ancestry]
   958 | D:3      | Reached XP level 3. HP: 25/29 MP: 3/3
  1120 | D:3      | Learned a level 1 spell: Magic Dart
  1221 | D:3      | Reached XP level 4. HP: 31/35 MP: 4/4
  1235 | D:5      | Entered Level 5 of the Dungeon
  1284 | D:2      | Reached skill level 1 in Conjurations
  2476 | D:2      | Gained mutation: You are partially covered in icy blue
                  | scales. (AC +2) [demonic ancestry]
  2476 | D:2      | Reached XP level 5. HP: 32/41 MP: 5/5
  2478 | D:2      | Learned a level 1 spell: Foxfire
  2657 | D:2      | Noticed Robin
  2668 | D:2      | Reached skill level 3 in Axes
  2668 | D:2      | Killed Robin
  2934 | D:2      | Noticed Jessica
  2951 | D:2      | Killed Jessica
  2952 | D:2      | Reached skill level 1 in Dodging
  2956 | D:2      | Got Jessica's Disquisition on Malediction
  3375 | D:4      | Noticed an ogre
  3828 | D:4      | Noticed an ice beast
  3837 | D:4      | Killed an ice beast
  3838 | D:4      | Reached XP level 6. HP: 26/48 MP: 2/6
  4234 | D:3      | Reached skill level 4 in Axes
  4428 | D:3      | Reached XP level 7. HP: 35/54 MP: 3/7
  5285 | D:5      | Gained mutation: You expend magic power (3 MP) to
                  | strengthen your wands. [potion of mutation]
  5285 | D:5      | Gained mutation: Your magical capacity is low. (-10% MP)
                  | [potion of mutation]
  5285 | D:5      | Gained mutation: Your muscles are strong. (Str +2) [potion
                  | of mutation]
  5285 | D:5      | Gained mutation: You have hidden genetic potential. [potion
                  | of mutation]
  5309 | D:5      | Reached skill level 5 in Axes
  5309 | D:5      | Gained mutation: Spells you cast may paralyse nearby
                  | enemies. [demonic ancestry]
  5309 | D:5      | Reached XP level 8. HP: 23/61 MP: 7/7
  5837 | D:5      | Reached skill level 1 in Stealth
  6483 | D:6      | Noticed Pikel
  6497 | D:6      | Killed Pikel
  6498 | D:6      | Reached skill level 6 in Axes
  6498 | D:6      | Reached skill level 5 in Armour
  6513 | D:6      | Gained mutation: Your spells are a little harder to cast,
                  | but a little more powerful. [hidden potential]
  7041 | D:6      | Reached skill level 5 in Conjurations
  7201 | D:6      | Identified the +0 rapier of Faihapur {speed, rCorr Dex+7}
  7287 | D:6      | Gained mutation: You are mostly covered in icy blue scales.
                  | (AC +3) [demonic ancestry]
  7287 | D:6      | Reached XP level 9. HP: 40/67 MP: 4/9
  7360 | D:6      | Reached skill level 5 in Fighting
  7465 | D:6      | Noticed Dowan
  7466 | D:6      | Noticed Duvessa
  7474 | D:6      | Killed Dowan
  7497 | D:6      | Mangled by Duvessa

Illustrated notes

Levels and vault maps discovered:
D:1:      evilmike_arrival_hilbert_curve, layout_basic, grunt_decor_one_mirror
D:2:      layout_loops_cross, dreamdust_princess_corridor,
          kennysheep_jessica_study, uniq_robin
D:3:      layout_rooms
D:4:      layout_loops_ring, serial_forest, infiniplex_forest_lined_room_,
          infiniplex_forest_lined_2, infiniplex_forest_lined_1,
          infiniplex_forest_lined_2, infiniplex_forest_pool,
          infiniplex_forest_lined_room_2, infiniplex_forest_clump_curved,
          minmay_strange_pillars
D:5:      layout_loops_cross
D:6:      nicolae_cairo_tiling, layout_basic, minmay_temple_entry_trees,
          grunt_tough_drop, uniq_pikel, uniq_duvessa
D:7:      minmay_the_grid_triangle_9x9_rhombus_thin
          [minmay_the_grid_triangle_9x9_fully_insulated_deathbox,
          minmay_the_grid_triangle_9x9_prize_special,
          minmay_the_grid_triangle_9x9_stretched_checkered,
          minmay_the_grid_triangle_9x9_odd_lines], layout_basic,
          nicolae_shop_unique_rings, uniq_crazy_yiuf_cottage

Skill      XL: |  1  2  3  4  5  6  7  8  9 |
---------------+----------------------------+-----
Armour         | 3 4 5 |  5.5
Shields        | 3 |  3.9
Axes           | 2 3 4 5 6 |  6.5
Conjurations   | 1 2 3 5 |  5.2
Dodging        | 1 2 |  2.5
Fighting       | 4 5 |  5.0
Stealth        | 1 |  1.0
Throwing       | |  0.6
Spellcasting   | |  0.7
Fire Magic     | |  0.2

Action                   |  1- 3 |  4- 6 |  7- 9 || total
-------------------------+-------+-------+-------++-------
Melee: War axe           |    64 |   170 |   238 ||   472
       Tailslap          |     4 |    21 |    37 ||    62
Throw: Javelin           |       |       |    10 ||    10
 Cast: Foxfire           |       |       |     4 ||     4
  Use: Scroll            |       |     9 |     1 ||    10
       Potion            |       |     3 |    11 ||    14
 Stab: Invisible         |       |       |     1 ||     1
Armor: Scale mail        |    39 |   104 |   107 ||   250
       Skin              |       |       |     2 ||     2
Dodge: Dodged            |    26 |    89 |   100 ||   215
Block: Buckler           |    19 |    45 |    48 ||   112

Table legend: (Time is in decaauts)
 A = Elapsed time spent in this place.
 B = Non-inter-level travel time spent in this place.
 C = Inter-level travel time spent in this place.
 D = Time resting spent in this place.
 E = Time spent auto-exploring this place.
 F = Levels seen in this place.
 G = Mean time per level.
                   A        B        C        D        E       F      G
               +--------+--------+--------+--------+--------+-----+--------+
         Total |   7676 |   7599 |     77 |   1326 |   4040 |   7 | 1096.6 |
       Dungeon |   7676 |   7599 |     77 |   1326 |   4040 |   7 | 1096.6 |
               +--------+--------+--------+--------+--------+-----+--------+

Top non-repeatable levels by time:
     D:3: 1785 daAuts
     D:1: 1351 daAuts
     D:5: 1294 daAuts
     D:6: 1090 daAuts
     D:4: 1079 daAuts
     D:2: 1045 daAuts
     D:7: 29 daAuts
